 Dungeon Crawl Stone Soup version 0.18-a0-917-g8a3da5b (webtiles) character file.

18 Jmtri7 the Grave Robber (level 2, 13/19 HPs)
             Began as a Mummy Necromancer on Dec 26, 2015.
             Quit the game on level 3 of the Dungeon on Jan 1, 2016.
             The game lasted 00:03:57 (637 turns).

Jmtri7 the Grave Robber (Mummy Necromancer)          Turns: 637, Time: 00:03:58

Health: 13/19      AC:  2    Str: 11    XL:     2   Next: 48%
Magic:  2/5        EV: 12    Int: 14    God:
Gold:   27         SH:  0    Dex: 12    Spells: 1 memorised, 4 levels left

rFire  x . .     SeeInvis .     (no weapon)
rCold  + . .     Gourm    .     a - +0 robe
rNeg   + + +     Faith    .     (no shield)
rPois  ∞         Spirit   .     (no helmet)
rElec  .         Dismiss  .     (no cloak)
rCorr  .         Reflect  .     (no gloves)
SustAt .         Harm     .     (no boots)
MR     .....                    (no amulet)
Stlth  ++........               (no ring)
                                (no ring)

@: not resistant to hostile enchantments, unstealthy
A: no food or potions, fire vulnerability, cold resistance 1, negative energy
resistance 3, torment resistance, unbreathing
a: no special abilities


You were on level 3 of the Dungeon.
You were not hungry.

You visited 1 branch of the dungeon, and saw 3 of its levels.

You collected 27 gold pieces.

Inventory:

Armour
 a - a +0 robe (worn)
Scrolls
 c - a scroll of remove curse {unknown}
Books
 b - a book of Necromancy

   Spells                             Type                      Level
   a - Pain                           Necromancy                   1
   b - Animate Skeleton               Necromancy                   1
   c - Vampiric Draining              Necromancy                   3
   d - Regeneration                   Charms/Necromancy            3
   e - Animate Dead                   Necromancy                   4
   f - Control Undead                 Necromancy                   4


   Skills:
 - Level 1.5 Dodging
 + Level 2.3 Stealth
 + Level 2.3 Spellcasting
 - Level 4.0 Necromancy


You had 4 spell levels left.
You knew the following spells:

 Your Spells              Type           Power        Failure   Level  Hunger
a - Pain                  Necr           ##..         4%          1    N/A

Dungeon Overview and Level Annotations

Branches:
Dungeon (3/15)

Altars:
Yredelemnul
Zin

Annotations:
D:3 Tezca's ghost, amateur DsWz


Innate Abilities, Weirdness & Mutations

You do not eat or drink.
Your flesh is vulnerable to fire.
You are immune to poison.
Your flesh is cold resistant.
You are immune to negative energy.
You are immune to unholy pain and torment.
You can survive without breathing.


Message History

The bat closely misses you.
You hit the bat.
You kill the bat!
A quokka comes into view.
Found a stone staircase leading up.
The quokka bites you but does no damage.
The quokka bites you.
You hit the quokka but do no damage. The quokka barely misses you.
You closely miss the quokka. The quokka bites you.
You miss the quokka. The quokka barely misses you.
You closely miss the quokka. The quokka misses you.
Level annotation: Tezca's ghost, amateur DsWz Welcome back, Jmtri7 the Mummy Necromancer.
Press ? for a list of commands and other information.
Are you sure you want to abandon this character and quit the game? (Confirm with "yes".)
Okay, then.
Level annotation: Tezca's ghost, amateur DsWz Welcome back, Jmtri7 the Mummy Necromancer.
Press ? for a list of commands and other information.
Are you sure you want to abandon this character and quit the game? (Confirm with "yes".)

...........##
#.####.##...#########
..# #. ####.........#
#.... #.........# ...
#.........# .##
#.###..#### #.###..#
..##...# #..#..#@#
#.....#r# ##.......
#......#. ......#.##.
......<.. .. .#..#.#
.. .... ..# ..


You could see a quokka.

Vanquished Creatures
  A gnoll (D:1)
  2 bats (D:3)
  A giant cockroach (D:2)
  A hobgoblin (D:2)
  A kobold (D:2)
  2 rats
  A spectral orc (D:2)
9 creatures vanquished.

Notes
Turn   | Place    | Note
--------------------------------------------------------------
     0 | D:1      | Jmtri7 the Mummy Necromancer began the quest for the Orb.
     0 | D:1      | Reached XP level 1. HP: 13/13 MP: 3/3
    84 | D:1      | Reached XP level 2. HP: 19/19 MP: 0/5
   139 | D:2      | Found a glowing silver altar of Zin.
   200 | D:2      | Found a basalt altar of Yredelemnul.
   461 | D:3      | Noticed Tezca's ghost (amateur DsWz)
   637 | D:3      | Quit the game

Vault maps used:
D:1:      minmay_arrival_solitary_statue
D:2:      yredelemnul_forgotten_temple_becter, zin_academy,
          grunt_temple_overflow_open, first_bread, ecumenical_altar_2,
          solitary_fountain
D:3:      kennysheep_generic_room_2

Action                   || total
-------------------------++-------
Melee: Unarmed           ||    26
 Cast: Pain              ||    22
